 Dungeon Crawl Stone Soup version 0.23.0 (webtiles) character file.

Game seed: 15526653095075997713

1110 Borgoz the Ruffian (level 8, -1/69 (70) HPs)
             Began as a Ghoul Monk on Feb 17, 2019.
             Was a Priest of Dithmenos.
             Slain by a big kobold zombie (3 damage)
             ... in an ossuary.
             The game lasted 00:08:07 (3547 turns).

Borgoz the Ruffian (Ghoul Monk)                     Turns: 3547, Time: 00:08:08

HP:   -1/69 (70)    AC:  8    Str: 15    XL:     8   Next: 33%
MP:   7/7           EV: 13    Int:  7    God:    Dithmenos [***...]
Gold: 287           SH:  0    Dex: 14    Spells: 7/7 levels left

rFire    + . .     SeeInvis .     - Unarmed
rCold    + . .     Gourm    .   (no shield)
rNeg     + + +     Faith    .   l - +3 ring mail {rF+}
rPois    ∞         Spirit   .   (no helmet)
rElec    .         Reflect  .   (no cloak)
rCorr    .         Harm     .   (no gloves)
MR       .....                  (no boots)
Stlth    +++.......             (no amulet)
HPRegen  0.00/turn              a - +3 ring of dexterity
MPRegen  0.10/turn              (no ring)

@: marked, rotting, wreathed by umbra
A: rotting body, claws 1, carnivore, cold resistance 1, negative energy
resistance 3, inhibited regeneration, torment resistance, unbreathing
a: Shadow Step, Renounce Religion


You were in an ossuary.
You worshipped Dithmenos.
Dithmenos was most pleased with you.
You were not hungry.

You visited 1 branch of the dungeon, and saw 4 of its levels.
You also visited: Ossuary.

You collected 287 gold pieces.

Inventory:

Missiles
 i - a throwing net (quivered)
Armour
 l - a +3 ring mail of fire resistance (worn)
Jewellery
 a - a +3 ring of dexterity (left claw)
Wands
 j - a wand of random effects (10)
 n - a wand of iceblast (8)
Scrolls
 f - 2 scrolls of teleportation
 o - a scroll of fog
Potions
 e - 2 potions of berserk rage
Comestibles
 b - 5 rations


   Skills:
 + Level 5.6 Fighting
 + Level 3.6 Armour
 + Level 4.7 Dodging
 + Level 5.5 Stealth
 + Level 5.7 Unarmed Combat


You had 7 spell levels left.
You didn't know any spells.
Your spell library was empty.

Dungeon Overview and Level Annotations

Branches:
Dungeon (4/15)             Temple (0/1) D:4

Altars:
Cheibriados
Dithmenos
Elyvilon
Sif Muna


Innate Abilities, Weirdness & Mutations

Your body is rotting away.
You thrive on raw meat.
You are immune to poison.
You have sharp fingernails.
You are carnivorous and can eat meat at any time.
Your flesh is cold resistant. (rC+)
You are immune to negative energy. (rN+++)
You do not regenerate when monsters are visible.
You are immune to unholy pain and torment.
You can survive without breathing.


Message History

Dithmenos accepts your kill.
Okay, then.
Aiming: Random Effects
Press: ? - help, Shift-Dir - straight line, f - you The bolt of poison hits you but does no damage.
You resist.
You scratch the orc zombie but do no damage.
The orc zombie misses you.
You claw the orc zombie! You claw the orc zombie.
You destroy the orc zombie!
Dithmenos accepts your kill.
You claw the big kobold zombie!
The big kobold zombie is moderately damaged.
You barely miss the big kobold zombie.
The big kobold zombie is moderately damaged.
The big kobold zombie barely misses you.
You scratch the big kobold zombie.
The big kobold zombie is heavily damaged.
The big kobold zombie hits you.
You die...

#.........∩∩.........#
#....................#
#...##############...#
#...# ..#... #...#
#...# .#...# #...#
#...####'.... #...#
#...#.....∩.######...#
#...#.....ZZ#..ZZ#...#
#...#.....ZZ#.@#.#...#
#...#....Z.Z####Z#...#
#...#.....ZZMM..Z#...#
#...#.####ZZ####.#...#
#...# #.Z# #.#...#
#...# #.^# !.#...#
#...######.^######...#
#....................#
#........8..8........#


You could see a goblin zombie and a big kobold zombie.

Vanquished Creatures
  Grinder (D:4)
  Sigmund (D:3)
  A phantom (D:4)
  An ogre (D:4)
  An elf zombie (Ossuary)
  A centaur zombie (Ossuary)
  3 hounds
  A gnoll shaman (D:4)
  Ijyb (D:3)
  Jessica (D:2)
  An iguana (D:4)
  Natasha (thrice) (D:2)
  A worker ant (D:4)
  2 mummies (Ossuary)
  3 gnolls (D:4)
  7 adders
  A worm zombie (D:4)
  2 worms
  A dart slug (D:1)
  2 leopard geckos
  5 orcs (D:4)
  5 giant cockroaches
  7 goblins
  7 hobgoblins
  A jackal (D:4)
  4 kobolds
  2 quokkas (D:2)
  8 bats
  4 frilled lizards
  A goblin zombie (Ossuary)
  5 hobgoblin zombies (Ossuary)
  8 kobold zombies (Ossuary)
  10 orc zombies
  8 rats
  A rat zombie (Ossuary)
111 creatures vanquished.

Notes
Turn   | Place    | Note
-------+----------+-------------------------------------------
     0 | D:1      | Borgoz the Ghoul Monk began the quest for the Orb.
     0 | D:1      | Reached XP level 1. HP: 19/19 MP: 0/0
    70 | D:1      | Reached XP level 2. HP: 21/26 MP: 1/1
   234 | D:1      | Reached XP level 3. HP: 27/31 MP: 2/2
   479 | D:2      | Reached skill level 1 in Armour
   889 | D:2      | Found a snail-covered altar of Cheibriados.
   957 | D:2      | Noticed Jessica
   976 | D:2      | Killed Jessica
   976 | D:2      | Reached XP level 4. HP: 36/40 MP: 3/3
  1011 | D:2      | Noticed Natasha
  1019 | D:2      | Killed Natasha
  1260 | D:2      | Noticed Natasha
  1269 | D:2      | Killed Natasha
  1269 | D:2      | Reached XP level 5. HP: 37/45 MP: 4/4
  1388 | D:3      | Noticed Ijyb
  1458 | D:3      | Killed Ijyb
  2123 | D:2      | Noticed Natasha
  2131 | D:2      | Killed Natasha
  2213 | D:3      | Reached XP level 6. HP: 51/52 MP: 5/5
  2219 | D:3      | Noticed Sigmund
  2221 | D:3      | Found a shadowy altar of Dithmenos.
  2240 | D:3      | Killed Sigmund
  2249 | D:3      | Became a worshipper of Dithmenos the Shadowed
  2249 | D:3      | Reached * piety under Dithmenos
  2249 | D:3      | Reached ** piety under Dithmenos
  2355 | D:3      | Found a deep blue altar of Sif Muna.
  2359 | D:3      | Found a white marble altar of Elyvilon.
  2825 | D:4      | Reached XP level 7. HP: 48/60 MP: 6/6
  2988 | D:4      | Reached skill level 5 in Unarmed Combat
  3005 | D:4      | Reached skill level 5 in Fighting
  3140 | D:4      | Found a staircase to the Ecumenical Temple.
  3150 | D:4      | Noticed Grinder
  3172 | D:4      | Killed Grinder
  3172 | D:4      | Reached skill level 5 in Stealth
  3172 | D:4      | Reached XP level 8. HP: 51/68 MP: 7/7
  3353 | D:4      | Found a sand-covered staircase.
  3367 | Ossuary  | Entered an ossuary
  3405 | Ossuary  | Reached *** piety under Dithmenos
  3532 | Ossuary  | HP: 1/68 [mummy (10)]
  3547 | Ossuary  | Slain by a big kobold zombie

Skill      XL: |  1  2  3  4  5  6  7 |
---------------+----------------------+-----
Armour         | 1 2 3 |  3.6
Dodging        | 3 4 |  4.7
Stealth        | 3 4 5 |  5.5
Unarmed Combat | 4 5 |  5.7
Fighting       | 4 5 |  5.6

Action                   |  1- 3 |  4- 6 |  7- 9 || total
-------------------------+-------+-------+-------++-------
Melee: Unarmed           |   114 |   185 |   226 ||   525
       Punch             |       |     4 |    11 ||    15
Evoke: Wand              |       |       |     1 ||     1
  Use: Potion            |       |     3 |       ||     3
       Scroll            |       |       |     8 ||     8
 Stab: Sleeping          |     1 |     3 |     6 ||    10
  Eat: Chunk             |    11 |    10 |     7 ||    28
Armor: Robe              |    23 |       |       ||    23
       Ring mail         |    16 |    62 |    57 ||   135
Dodge: Dodged            |    67 |    93 |   144 ||   304
